Cogmind - Beta 10.2 @@@ ROGUE MODE // 2021.07.02 @ 22:44:53 // Winter2019/RPGLIKE Player: Kenzurith Result: Destroyed by P-60 Hacker with Shock Rifle Performance ------------- Evolutions (3) 1500 Regions Visited (6) 1200 Robots Destroyed (12) 60 Value Destroyed (475) 475 Prototype IDs (3) 60 Alien Tech Used (0) 0 Bonus (0) 0 TOTAL SCORE: 3295 Bonus ------- None Cogmind --------- Core Integrity 0/600 Matter 257/300 Energy 154/160 System Corruption 0% Temperature Cool (0) Movement Treading (145) Location -7/Factory Parts ------- > --- POWER (1) -------- Light Nuclear Core > --- PROPULSION (4) --- Advanced Treads Advanced Treads Advanced Treads Advanced Treads > --- UTILITY (4) ------ Experimental Sensor Array Advanced Terrain Scanner Reflective Plating Insulated Plating > --- WEAPON (2) ------- Heavy Particle Cannon Heavy Assault Rifle > --- INVENTORY (3) ---- EM Pulse Cannon Rocket Launcher Makeshift Sword Peak State ------------ > --- POWER ------------ Light Nuclear Core > --- PROPULSION ------- Advanced Treads Advanced Treads Advanced Treads Advanced Treads > --- UTILITY ---------- Experimental Sensor Array Advanced Terrain Scanner Reflective Plating Insulated Plating > --- WEAPON ----------- Heavy Particle Cannon Heavy Assault Rifle > --- INVENTORY -------- EM Pulse Cannon Rocket Launcher Makeshift Sword [Rating: 35] Favorites ----------- Power Improved Ion Engine Engine Improved Ion Engine Power Core Light Nuclear Core Propulsion Light Treads Treads Light Treads Leg Aluminum Leg Utility Experimental Sensor Array Device Experimental Sensor Array Protection Insulated Plating Weapon Particle Gun Energy Gun Particle Gun Energy Cannon Heavy Particle Cannon Ballistic Gun Assault Rifle Launcher Advanced EMP Blaster Build | -11 -10 -10 -10 -9 -8 -7 ------- Run | Scr Mat Min Exi Min Mat Fac Slots Evolved 7 | 2 . 1 . . 3 1 Power . | . . . . . . . Propulsion 3 | 1 . . . . 2 . Utility 3 | . . 1 . . 1 1 Weapon 1 | 1 . . . . . . Parts Attached 36 | 4 8 3 1 4 12 4 Power 2 | . 1 . . . 1 . Engine 1 | . 1 . . . . . Core 1 | . . . . . 1 . Reactor . | . . . . . . . Propulsion 9 | 2 2 . 1 . 4 . Treads 9 | 2 2 . 1 . 4 . Leg . | . . . . . . . Wheel . | . . . . . . . Hover . | . . . . . . . Flight . | . . . . . . . Utility 10 | . 1 3 . 3 2 1 Device 8 | . 1 3 . 3 1 . Storage . | . . . . . . . Processor . | . . . . . . . Hackware . | . . . . . . . Protection 2 | . . . . . 1 1 Artifact . | . . . . . . . Weapon 15 | 2 4 . . 1 5 3 Energy Gun 4 | 1 3 . . . . . Energy Cannon 1 | . . . . . . 1 Ballistic Gun 9 | 1 1 . . 1 4 2 Ballistic Cannon . | . . . . . . . Launcher 1 | . . . . . 1 . Special Weapon . | . . . . . . . Impact Weapon . | . . . . . . . Slashing Weapon . | . . . . . . . Piercing Weapon . | . . . . . . . Special Melee Weapon . | . . . . . . . Unidentified Prototypes 3 | . . 1 . 1 1 . Parts Lost . | . . . . . . . Power . | . . . . . . . Propulsion . | . . . . . . . Utility . | . . . . . . . Weapon . | . . . . . . . Highest Loss Streak . | . . . . . . . Average Slot Usage (%) 98 | . 96 99 100 100 98 95 Engine 10 | . 16 15 14 14 3 . Core 2 | . . . . . 7 9 Treads 31 | . 32 31 28 28 38 36 Device 23 | . 14 18 28 28 20 18 Protection 3 | . . . . . 9 13 Energy Gun 10 | . 15 15 14 14 4 . Ballistic Gun 14 | . 16 15 14 14 15 12 Naked Turns . | . . . . . . . Heaviest Build 23 | 9 13 14 14 15 19 23 Greatest Support 88 | 40 40 40 40 40 88 88 Greatest Overweight (x) 2 | . 2 . . . . . Average Overweight (x) . | . . . . . . . Largest Inventory Capacity 3 | . 1 1 2 2 3 3 Average Capacity 1 | . . 1 1 2 2 3 Most Carried 3 | . 1 1 2 2 3 3 Average Carried 1 | . . . 1 1 2 3 Final Capacity 3 | . 1 1 2 2 3 3 Final Carried 3 | . 1 1 2 2 3 3 Class Distribution -------------------- 86% | Mutant 13% | Skirmisher Dominant Class ---------------- Mutant | -10/Materials Mutant | -10/Mines Mutant | -10/Exiles Mutant | -9/Mines Mutant | -8/Materials Skirmisher | -7/Factory Resources | -11 -10 -10 -10 -9 -8 -7 ----------- Run | Scr Mat Min Exi Min Mat Fac Matter Collected 715 | 230 . 21 127 49 288 . Remotely . | . . . . . . . Salvage Created 942 | 53 . . 423 . 466 . Parts 43 | 1 . . 20 . 22 . Haulers Intercepted 1 | . . . . . 1 . Recyclers Shooed 1 | . . . . . 1 . Parts Field Recycled . | . . . . . . . Retrieved Matter . | . . . . . . . Parts Self-Destructed . | . . . . . . . Prevented . | . . . . . . . Kills | -11 -10 -10 -10 -9 -8 -7 ------- Run | Scr Mat Min Exi Min Mat Fac Combat Hostiles Destroyed 10 | . . . 1 1 8 . Guns 10 | . . . 1 1 8 . Classes Destroyed 6 | 1 . . 1 1 3 . Hauler 1 | . . . . . 1 . Recycler 1 | 1 . . . . . . Grunt 6 | . . . 1 . 5 . Sentry 2 | . . . . . 2 . Demolisher 1 | . . . . 1 . . Hunter 1 | . . . . . 1 . Best Kill Streak 3 | 1 . . 1 1 3 . Combat Bots Only 3 | . . . 1 1 3 . Max Kills in Single Turn 1 | 1 . . 1 1 1 . Gunslinging . | . . . . . . . Exploded . | . . . . . . . Melee . | . . . . . . . Uniques/NPCs Destroyed . | . . . . . . . Combat | -11 -10 -10 -10 -9 -8 -7 -------- Run | Scr Mat Min Exi Min Mat Fac Damage Taken 971 | . . . . 157 760 54 Core 715 | . . . . 122 561 32 Absorbed by Shields . | . . . . . . . Redirected to Core 715 | . . . . 122 561 32 Core Remaining (%) 61 | 100 . . . 79 4 . Volleys Fired 117 | 6 3 6 59 3 39 1 Largest 2 | 1 2 2 1 2 2 2 Hottest 98 | 40 60 85 65 88 88 98 Shots Fired 166 | 6 6 9 59 6 78 2 Gun 165 | 6 6 9 59 6 78 1 Cannon 1 | . . . . . . 1 Launcher . | . . . . . . . Special . | . . . . . . . Kinetic 66 | . 3 3 . 3 56 1 Thermal 94 | . 3 6 59 3 22 1 Explosive . | . . . . . . . Electromagnetic 6 | 6 . . . . . . Robot Hit Streak 17 | 2 5 . 15 8 17 . Robot Miss Streak 2 | . 2 . 2 1 2 . Penetration Max . | . . . . . . . Secondary Targets 1 | . . . . . 1 . Max Gunslinging Chain 1 | . . . . . 1 . Shots Hit Robots 118 | 2 4 . 48 4 60 . Core Hits 44 | 1 2 . 20 1 20 . Critical Hits . | . . . . . . . Critical Kills . | . . . . . . . Critical Parts Destroyed . | . . . . . . . Melee Attacks . | . . . . . . . Impact . | . . . . . . . Slashing . | . . . . . . . Piercing . | . . . . . . . Sneak Attacks . | . . . . . . . Combat Hostiles . | . . . . . . . Follow-up Attacks . | . . . . . . . Damage Inflicted 1821 | 50 33 . 786 60 892 . Guns 1794 | 25 33 . 786 58 892 . Cannons . | . . . . . . . Explosions 25 | 25 . . . . . . Melee . | . . . . . . . Ramming 2 | . . . . 2 . . Kinetic 652 | . 11 . . 12 629 . Thermal 1142 | 25 22 . 786 46 263 . Explosive . | . . . . . . . Electromagnetic 25 | 25 . . . . . . Impact . | . . . . . . . Slashing . | . . . . . . . Piercing . | . . . . . . . Highest Corruption . | . . . . . . . Average Corruption . | . . . . . . . Corruption Purged . | . . . . . . . Overload Shots . | . . . . . . . Overflow Damage . | . . . . . . . Projectiles . | . . . . . . . Explosions . | . . . . . . . Melee . | . . . . . . . Knockbacks . | . . . . . . . Impact . | . . . . . . . Kinetic . | . . . . . . . Secondary . | . . . . . . . Self-Inflicted Damage . | . . . . . . . Shots . | . . . . . . . Rammed 1 | . . . . 1 . . Targets Rammed 1 | . . . . 1 . . Kicked . | . . . . . . . Crushed . | . . . . . . . Highest Temperature 253 | . . 27 18 . 253 15 Average Temperature 40 | . . 7 6 . 110 10 Received Heat Transfer 270 | . . . . . 252 18 Siege Activations . | . . . . . . . Robots Corrupted . | . . . . . . . Combat Hostiles . | . . . . . . . Parts Fried . | . . . . . . . Impact Corruptions . | . . . . . . . Robots Melted . | . . . . . . . Combat Hostiles . | . . . . . . . Parts Melted 2 | . . . 1 . 1 . Heat Transferred 2653 | 50 50 . 1813 111 629 . Parts Sabotaged . | . . . . . . . Parts Stolen . | . . . . . . . Parts Stripped . | . . . . . . . Power Chain Reactions 1 | 1 . . . . . . Missiles Intercepted . | . . . . . . . Alert | -11 -10 -10 -10 -9 -8 -7 ------- Run | Scr Mat Min Exi Min Mat Fac Peak Influence 154 | 5 18 6 . 45 154 68 Initial 37 | . 3 6 . . 17 37 Average 36 | 4 17 6 . 11 73 47 Maximum Alert Level . | . . . . . . . Low Security (%) 100 | 100 100 100 . 100 100 100 Level 1 . | . . . . . . . Level 2 . | . . . . . . . Level 3 . | . . . . . . . Level 4 . | . . . . . . . Level 5 . | . . . . . . . High Security . | . . . . . . . Max Security . | . . . . . . . Squads Dispatched 2 | . 1 . . . 1 . Investigation 1 | . . . . . 1 . Extermination . | . . . . . . . Reinforcement 1 | . 1 . . . . . Assault . | . . . . . . . Garrison . | . . . . . . . Intercept . | . . . . . . . Construction Impeded . | . . . . . . . Haulers Reinforced . | . . . . . . . Stealth | -11 -10 -10 -10 -9 -8 -7 --------- Run | Scr Mat Min Exi Min Mat Fac Distress Signals 1 | . . . . . 1 . Communications Jammed . | . . . . . . . Distress Signals . | . . . . . . . Times Spotted 19 | . 2 . . 3 12 2 Peak Tracking Total 3 | . 1 . . 2 3 1 Tactical Retreats 1 | . . . . 1 . . Traps | -11 -10 -10 -10 -9 -8 -7 ------- Run | Scr Mat Min Exi Min Mat Fac Traps Triggered 2 | . 2 . . . . . Indirectly . | . . . . . . . Trap Hack Attempts . | . . . . . . . Triggered . | . . . . . . . Disarmed . | . . . . . . . Reprogrammed . | . . . . . . . Reused . | . . . . . . . Traps Extracted . | . . . . . . . Installed 1 | . . 1 . . . . Triggered . | . . . . . . . Machines | -11 -10 -10 -10 -9 -8 -7 ---------- Run | Scr Mat Min Exi Min Mat Fac Machines Disabled . | . . . . . . . Max in Single Turn . | . . . . . . . Machines Sabotaged . | . . . . . . . Garrisons Compromised . | . . . . . . . Overloaded Fab Kills . | . . . . . . . Fab Network Shutdowns . | . . . . . . . Hacking | -11 -10 -10 -10 -9 -8 -7 --------- Run | Scr Mat Min Exi Min Mat Fac Machines Accessed 9 | . 1 . 2 1 4 1 Terminals 5 | . 1 . . . 3 1 Fabricators . | . . . . . . . Repair Stations 1 | . . . . . 1 . Recycling Units . | . . . . . . . Scanalyzers . | . . . . . . . Garrison Access . | . . . . . . . Total Hacks 21 | . 1 . 2 1 14 3 Successful 14 | . . . 2 1 10 1 Failed 7 | . 1 . . . 4 2 Catastrophic 3 | . 1 . . . 2 . Database Lockouts . | . . . . . . . Manual 9 | . 1 . . . 7 1 Terminals 16 | . 1 . . . 12 3 Fabricators . | . . . . . . . Repair Stations 2 | . . . . . 2 . Recycling Units . | . . . . . . . Scanalyzers . | . . . . . . . Garrison Access . | . . . . . . . Terminal Hacks 10 | . . . 2 1 6 1 Record 2 | . . . 2 . . . Open Door 1 | . . . . 1 . . Level Access Points 1 | . . . . . 1 . Branch Access Points 2 | . . . . . 1 1 Alert Level 1 | . . . . . 1 . Unreport Threat 1 | . . . . . 1 . Maintenance Status 1 | . . . . . 1 . Hauler Manifests 1 | . . . . . 1 . Fabricator Hacks . | . . . . . . . Repair Station Hacks 2 | . . . . . 2 . Scan Component 1 | . . . . . 1 . Repair 1 | . . . . . 1 . Recycling Unit Hacks . | . . . . . . . Scanalyzer . | . . . . . . . Garrison Access Hacks . | . . . . . . . Unauthorized Hacks 2 | . . . . . 2 . Terminals 2 | . . . . . 2 . Botnet 2 | . . . . . 2 . Fabricators . | . . . . . . . Repair Stations . | . . . . . . . Recycling Units . | . . . . . . . Scanalyzers . | . . . . . . . Garrison Access . | . . . . . . . Data Cores Recovered . | . . . . . . . Used . | . . . . . . . Hacking Detections 4 | . 1 . . . 2 1 Full Trace Events 1 | . . . . . 1 . Feedback Events . | . . . . . . . Feedback Blocked . | . . . . . . . Robot Schematics Acquired . | . . . . . . . Robots Built . | . . . . . . . Matter . | . . . . . . . Time . | . . . . . . . Total Robot Build Rating . | . . . . . . . Part Schematics Acquired . | . . . . . . . Parts Built . | . . . . . . . Matter . | . . . . . . . Time . | . . . . . . . Total Part Build Rating . | . . . . . . . Parts Repaired 1 | . . . . . 1 . Time 32 | . . . . . 32 . Parts Recycled . | . . . . . . . Recycled Matter . | . . . . . . . Retrieved Matter . | . . . . . . . Retrieved Components . | . . . . . . . Parts Scanalyzed . | . . . . . . . Part Schematics Acquired . | . . . . . . . Parts Damaged . | . . . . . . . Bothacking | -11 -10 -10 -10 -9 -8 -7 ------------ Run | Scr Mat Min Exi Min Mat Fac Used RIF Installer . | . . . . . . . Robots Hacked . | . . . . . . . Non-combat . | . . . . . . . Combat . | . . . . . . . Robot Hacks Applied . | . . . . . . . Relay Couplers Released . | . . . . . . . Robots Rewired 1 | . . . 1 . . . Allies Hacked . | . . . . . . . Hacks Repelled . | . . . . . . . Allies | -11 -10 -10 -10 -9 -8 -7 -------- Run | Scr Mat Min Exi Min Mat Fac Total Allies 3 | . . 2 1 . . . Largest Group 2 | . . 2 2 1 . . Highest-Rated Group 45 | . . 45 45 8 . . Highest-Rated Ally 31 | . . 31 31 8 . . Total Orders . | . . . . . . . Ally Attacks 1 | . . . . 1 . . Total Damage 10 | . . . . 10 . . Kills . | . . . . . . . Allies Corrupted . | . . . . . . . Allies Melted . | . . . . . . . Intel | -11 -10 -10 -10 -9 -8 -7 ------- Run | Scr Mat Min Exi Min Mat Fac Robot Analysis Total . | . . . . . . . Derelict Logs Recovered . | . . . . . . . Drone Launches . | . . . . . . . Drone Recoveries . | . . . . . . . Exploration | -11 -10 -10 -10 -9 -8 -7 ------------- Run | Scr Mat Min Exi Min Mat Fac Turns Passed 3004 | 53 173 346 1126 377 552 377 Spaces Moved 1603 | 13 95 200 612 210 256 217 Core 1 | . 1 . . . . . Treads 1599 | 10 94 200 612 210 256 217 Legs 3 | 3 . . . . . . Wheels . | . . . . . . . Hover . | . . . . . . . Flight . | . . . . . . . Fastest Speed 120 | 120 150 160 160 160 145 145 Average Speed 155 | 150 159 160 160 160 146 145 Slowest Speed 160 | 160 160 160 160 160 160 145 Overloaded Moves . | . . . . . . . Propulsion Burnouts . | . . . . . . . Robots Hopped . | . . . . . . . Cave-ins Triggered . | . . . . . . . Exploration Rate (%) 33 | 1 24 36 90 50 24 7 Regions Visited 6 Branch Regions 3 Pre-discovered Areas 1 | . . . 1 . . . Known Exits Taken 1 | . . . . . 1 . Unknown Exits Taken 5 | 1 1 1 1 1 . . Scrap Searched 3 | . . 1 . 2 . . Spaces Dug . | . . . . . . . Terrain Destroyed 3 | 3 . . . . . . Melee . | . . . . . . . Projectile . | . . . . . . . AOE 3 | 3 . . . . . . Terrain Rammed . | . . . . . . . Walls Destroyed . | . . . . . . . Machines Disabled . | . . . . . . . Actions | -11 -10 -10 -10 -9 -8 -7 --------- Run | Scr Mat Min Exi Min Mat Fac Total 1948 | 40 110 218 701 245 356 278 Wait 136 | 16 . 2 9 22 34 53 Move 1597 | 12 94 199 611 209 255 217 Hop . | . . . . . . . Pick Up 11 | . 2 3 3 1 2 . Fast Attach 27 | 4 6 2 . 4 9 2 Attach 1 | . . 1 . . . . Detach . | . . . . . . . Swap 8 | . 2 . 1 . 3 2 Drop 29 | 2 3 4 3 5 9 3 Fire 117 | 6 3 6 59 3 39 1 Melee . | . . . . . . . Ram . | . . . . . . . Kick . | . . . . . . . Crush 1 | . . . . 1 . . Escape Stasis . | . . . . . . . Rewire 11 | . . . 11 . . . Trap 1 | . . 1 . . . . Miscellaneous 9 | . . . 4 . 5 . Route ------- -11/Scrapyard -10/Materials -10/Mines -10/Exiles (discovered 2 exits: *Min x2) -9/Mines -8/Materials (discovered 3 exits: *Fac x3) -7/Factory (discovered 3 exits: Sto / Low x2) History --------- Turn | Location | Event 3 | -11/Scrapyard | Discovered new exit (range 2) 33 | -11/Scrapyard | Upgraded with Propulsion slot (x1) 33 | -11/Scrapyard | Upgraded with Weapon slot (x1) 54 | -11/Scrapyard | Entered Materials 187 | -10/Materials | Discovered new exit (range 12) 227 | -10/Materials | Entered Mines 256 | -10/Mines | Found a hidden stash of uninstalled traps 315 | -10/Mines | Build established: Mutant 368 | -10/Mines | Found a damaged Exp. Sensor Array with a note attached 372 | -10/Mines | Found Prototype Device 372 | -10/Mines | Identified Exp. Sensor Array 477 | -10/Mines | Upgraded with Utility slot (x1) 556 | -10/Mines | Deemed a non-threat by the Exiles lab entrance 558 | -10/Mines | Discovered new exit (range 5) 573 | -10/Mines | Entered Exiles 573 | -10/Exiles | Found Exiles lab destroyed 573 | -10/Exiles | Accompanied by 2 allies 594 | -10/Exiles | Discovered new exit (range 15) 603 | -10/Exiles | Led the pair of lost Derelicts to a safe place 1235 | -10/Exiles | Learned location of Zion (-6) 1678 | -10/Exiles | Discovered new exit (range 12) 1699 | -10/Exiles | Entered Mines 1699 | -9/Mines | Accompanied by 1 ally 1739 | -9/Mines | Received a Rocket Launcher from a helpful Derelict 1831 | -9/Mines | Found the Drone Emporium 1842 | -9/Mines | Found Prototype Device 1842 | -9/Mines | Identified Bomb Drone Bay 1894 | -9/Mines | Assembled infested the area 1899 | -9/Mines | Assisted by a Guerilla fighting off Assembled 1996 | -9/Mines | Reached level 2 2068 | -9/Mines | Discovered new exit (range 5) 2076 | -9/Mines | Entered Materials 2078 | -8/Materials | Reached level 3 2116 | -8/Materials | Upgraded with Utility slot (x1) 2119 | -8/Materials | Upgraded with Propulsion slot (x2) 2179 | -8/Materials | Core integrity fell below 50% 2331 | -8/Materials | Identified exit to Factory 2425 | -8/Materials | Repaired Hvy. Assault Rifle 2489 | -8/Materials | Core integrity fell below 20% 2628 | -8/Materials | Entered Factory 2629 | -7/Factory | Core integrity fell below 50% 2629 | -7/Factory | Core integrity fell below 20% 2630 | -7/Factory | Reached level 4 2650 | -7/Factory | Upgraded with Utility slot (x1) 2757 | -7/Factory | Identified exit to Storage 2757 | -7/Factory | Identified exit to Lower Caves 2909 | -7/Factory | Build established: Skirmisher 3005 | -7/Factory | Destroyed by P-60 Hacker with Shock Rifle Last Messages --------------- 02565_ G-47 Trooper destroyed. 02570_ Acquired 18 matter. 02607_ Upgraded: Terrain Scan Density (+100) 02615_ Dropped EM Shotgun. 02615_ Acquired EM Pulse Cannon. LOCATION=FACTORY GOAL=ESCAPE 02630_ Reached level 4. 02650_ Upgraded: Utility Slot (+1) 02650_ Upgraded: Terrain Scan Density (+100) 02669_ Dropped Hvy. Assault Rifle. 02745_ Acquired Hvy. Particle Cannon. 02757_ Connecting with Terminal... >>Access(Branch) Found 3 branch access points: (143,24) Storage (52,110) Lower Caves (142,118) Lower Caves Map updated. 02831_ Acquired Reflective Plating. Map ----- +----------------------------------------------------+ | ??????###?#### ?#????##?#???"????????????????? | | ???? ?## #?+#?###?##??##?????????????????? | | ?? ? ### + ? ?? ? ????? ????????????? | | ### # ? ? #?#??#?#???? ?????????? | | ? ### # ? #? ????#?##?????????? | | ### # ?# "?""???#???????????? | | ? ? ### # ? ## ?"?"? ?????????????? | | ? ? ? ### # """ ## "?" ?###?##???????? | | ### # """"" ## ? ????????????????? | | ? ### # """"" ###??#??####??# ??????? | | ### #??#####+#?? ? ?#???#? ??????? | | ? ### ######## ## """? ?? ?? ?+????? | | ? ### # "?? #????#???????? | | ############## + "?" ??###??? ?????? | | ? ###?## # ? ??????#? ?????? | | #######+########p # ""? ?##?##?# ?????? | | #### #### #? ""???#?##??#??????? | | ? #### """" #### # ??"" ?? ? ?????? | | ####+####### """" #### # ?#?#?#?###????? | | ###### """" #### #######?##?????#?#????? | | + """" ### #?#?#?##?###?#???????? | | # ###### """" ### ######### ???#??????? | | # ###### """" ### ! ? ???? ? | | # #?#### """" ### u ######### ?????#????? | | # ##?### ### ###?#??##??##????????? | | # ####?##############@########??? ?? ?#?????? | | # #####?####### ? ?##???""?????????? | | # ############? """" ! "" #??#????? ???????? | | # ############# """" """####??"??????????? | | # ###########?# """" S"#??#?"?"? ???????? | | # ############# """" #??? ??? ?#?????? | | # ############# ######???#??#????? | | # ###?##?###### """" """" !##?????###???????? | | #############??"""" """" #?????###????????? | | ################### ???"" """" #?????##?????????? | | ########?####?###?# ?""" """"? #??#???#?????????? | | #############?####? ???? ? ???????##???????????? | | ###########?######?##????#??????????#????????????? | | | | | | | | | | | | | | | | | | | | | | | | | +----------------------------------------------------+ Best States ------------- Heat Dissipation 43 Energy Generation 14 Energy Capacity 265 Matter Stores 300 Matter Capacity 300 Sight Range 16 Robot Scan Range 30 Terrain Scan Range 20 Terrain Scan Density 210 Armor Coverage 300 Resistance: TH 10 Resistance: EM 15 Evasion (%) 40 Recoil Reduction 4 Item Schematics ----------------- None Robot Schematics ------------------ None Fabricated ------------ Nothing Alien Tech Used ----------------- None Achievements -------------- None Challenges ------------ None RPGLIKE | -11 -10 -10 -10 -9 -8 -7 --------- Run | Scr Mat Min Exi Min Mat Fac Levels Raised 3 | . . . . 1 1 1 XP Earned 8680 | 3000 . 500 305 725 2570 1580 XP Spent 7150 | 1000 250 620 500 . 3590 1190 Upgrades 15 | 2 1 3 1 . 6 2 Propulsion Slot 3 | 1 . . . . 2 . Utility Slot 3 | . . 1 . . 1 1 Weapon Slot 1 | 1 . . . . . . Heat Dissipation 3 | . . 2 . . 1 . Inventory Capacity 3 | . 1 . 1 . 1 . Terrain Scan Density 2 | . . . . . 1 1 Protomatter Created 183 | . . . 111 . 72 . Integrity Restored 170 | . . . 59 . 111 . Core 111 | . . . . . 111 . Parts 59 | . . . 59 . . . Protomatter Decayed 125 | . . . 90 . 35 . Game ------ Seed LightningDefenseCasing Manual? 0 Play Time 00:25:52 Cumulative 255.5 hours Start 2021.07.02 @ 22:17:16 End 2021.07.02 @ 22:44:53 Sessions 1 Manual Loads 0 Difficulty Rogue Special Mode Winter2019/RPGLIKE Game No. 137 Rogue 134 Adventurer 1 Explorer 2 Win Type - Total 5 Types 3/1/1/0/0/0/0/0/0 Lore% 70 Gallery% 83 Achievement% 63 Wizard Run 0 Options --------- ASCII 0 Keyboard 1 Movement Numpad Keybinds 1 Fullscreen 1 Font 24/Terminus Map View 76x50 Tactical HUD 1 Map Filters NONE Filters NONE Steam 1 RUN: 22bf8441-2587-453d-a22f-74e30f191bbb